Map: Invader LE

Players

Narog

  • Race: Protoss Protoss
  • League: Gold

capac - Winner!

  • Race: Terran Terran
  • League: Gold

VOD

Have the link to the VOD?

Description

Time

  • Played on: April 10, 2016, 11:46 a.m.
  • Length: 19:55
Show
View Real Time Build Order
Export as new Build Order

Narog Protoss 

Build Orders: 1 Gate Expand 

Get SALT Encoding   

  12  0:01  Probe (Chrono Boost)  
  13  0:11  Probe (Chrono Boost)  
  14  0:18  Pylon  
  14  0:22  Probe (Chrono Boost)  
  15  0:36  Probe (Chrono Boost)  
  15  0:40  Gateway  
  16  0:47  Probe (Chrono Boost)  
  17  0:57  Probe (Chrono Boost)  
  18  1:08  Probe (Chrono Boost)  
  19  1:18  Probe (Chrono Boost)  
  19  1:24  Nexus  
  19  1:35  Cybernetics Core  
  19  1:42  Probe (Chrono Boost)  
  19  1:44  Pylon  
  20  1:48  Assimilator  
  20  1:54  Assimilator  
  20  2:05  Probe (Chrono Boost)  
  21  2:18  Pylon  
  21  2:19  Probe (Chrono Boost)  
  22  2:29  Probe (Chrono Boost)  
  23  2:33  Warp Gate (Chrono Boost)  
  23  2:42  Probe  
  24  2:46  Probe  
  25  2:52  Probe  
  25  2:56  Gateway  
  25  2:57  Gateway  
  25  2:58  Probe  
  27  3:00  Adept  
  29  3:10  Mothership Core  
  31  3:16  Probe  
  31  3:17  Pylon  
  32  3:28  Probe, Forge  
  32  3:31  Probe  
  32  3:33  Adept  
  36  3:43  Adept  
  36  3:45  Adept  
  40  4:00  Adept  
  42  4:04  Probe  
  42  4:05  Probe  
  44  4:13  Protoss Ground Armor Level 1 (Chrono Boost)  
  44  4:14  Stargate  
  44  4:16  Twilight Council  
  44  4:19  Probe  
  44  4:21  Probe  
  46  4:34  Photon Cannon, Adept  
  46  4:36  Photon Cannon, Adept  
  50  4:48  Probe  
  50  4:49  Probe  
  52  4:53  Assimilator  
  52  4:55  Assimilator  
  52  4:59  Oracle, Pylon  
  55  5:12  Resonating Glaives (Chrono Boost)  
  55  5:18  Probe x2  
  57  5:23  Zealot  
  57  5:24  Zealot  
  57  5:25  Zealot  
  63  5:40  Forge  
  63  5:42  Pylon  
  63  5:50  Protoss Ground Weapons Level 1 (Chrono Boost)  
  63  5:56  Stalker  
  63  5:57  Stalker x2  
  69  6:12  Protoss Ground Armor Level 2 (Chrono Boost)  
  69  6:24  Pylon  
  69  6:27  Gateway  
  69  6:33  Gateway  
  69  6:58  Adept x3  
  75  7:08  Templar Archives  
  75  7:15  Gateway  
  75  7:17  Gateway  
  75  7:21  Probe x2  
  77  7:33  Probe x2  
  79  7:38  Stalker x3  
  85  7:44  Pylon  
  85  7:53  Psionic Storm  
  84  7:59  Photon Cannon  
  84  8:00  Photon Cannon  
  84  8:04  Photon Cannon  
  84  8:06  Photon Cannon  
  84  8:09  Photon Cannon  
  70  8:46  Stalker  
  70  8:47  Nexus, Stalker x5  
  79  9:08  Oracle  
  63  9:41  Stalker x3  
  63  9:42  Stalker  
  55  10:17  Probe  
  55  10:18  Probe  
  57  10:22  High Templar x3  
  57  10:23  High Templar x3  
  69  10:29  Probe, Archon x2  
  69  10:30  Probe  
  71  10:41  Probe  
  71  10:42  Probe x2  
  74  11:17  Photon Cannon  
  74  11:20  Photon Cannon, Adept  
  74  11:21  Adept x4  
  74  11:22  Adept x2  
  88  11:26  Protoss Shields Level 1 (Chrono Boost)  
  88  11:56  Pylon  
  88  11:57  Stalker x4  
  96  12:05  Pylon  
  96  12:08  Pylon  
  96  12:17  Stalker x3  
  98  12:34  Probe  
  98  12:35  Probe x2  
  101  12:39  Assimilator  
  101  12:41  Assimilator  
  101  12:44  Pylon  
  101  12:47  Pylon  
  101  12:55  Adept x5  
  101  12:56  Adept x2  
  115  13:13  Protoss Ground Weapons Level 2 (Chrono Boost)  
  115  13:18  Robotics Facility  
  113  14:11  Stalker x3  
  113  14:12  Stalker x4  
  119  14:38  Warp Prism  
  121  14:49  High Templar  
  121  14:50  High Templar x3  
  121  14:52  High Templar  
  131  14:53  Stalker x2  
  135  15:02  Archon x2  
  135  15:34  Nexus  
  82  16:10  Adept x4  
  82  16:11  Adept x3  
  76  16:39  Pylon  
  76  16:43  Pylon  
  76  16:49  Observer  
  77  16:56  Protoss Ground Armor Level 3 (Chrono Boost)  
  77  16:58  Protoss Ground Weapons Level 3 (Chrono Boost)  
  77  17:05  High Templar  
  77  17:06  High Templar x3  
  77  17:08  Stalker x3  
  91  17:26  Blink  
  91  17:34  Oracle  
  94  17:43  Stalker  
  94  17:44  Stalker x4  
  97  17:45  Stalker x2  
  107  17:56  Photon Cannon  
  107  17:58  Photon Cannon  
  107  18:00  Photon Cannon  
  107  18:02  Photon Cannon  
  107  18:04  Photon Cannon  
  107  18:08  Photon Cannon  
  107  18:09  Photon Cannon  
  107  18:12  Pylon  
  107  18:21  Photon Cannon  
  107  18:27  Photon Cannon  
  107  18:28  Photon Cannon  
  107  18:31  Photon Cannon  
  107  18:33  Photon Cannon  
  99  18:37  Photon Cannon  
  53  18:50  Adept x5  
  53  18:51  Adept x2  
  67  19:10  Nexus  
  67  19:19  Stalker x2  
  67  19:20  Stalker x5  
Show
View Real Time Build Order
Export as new Build Order

capac Terran - Winner!

Build Orders: Reaper Expand 

Get SALT Encoding   

  12  0:00  SCV  
  13  0:16  Supply Depot  
  13  0:18  SCV  
  14  0:30  SCV  
  15  0:40  Barracks  
  15  0:43  SCV  
  15  0:46  Refinery  
  16  0:55  SCV  
  17  1:08  SCV  
  18  1:20  SCV  
  19  1:36  Command Center  
  19  1:38  Reaper  
  20  1:44  Orbital Command  
  20  2:09  SCV  
  20  2:10  Marine  
  22  2:19  Supply Depot  
  22  2:22  SCV  
  23  2:23  Factory  
  23  2:27  Refinery  
  23  2:38  Barracks Reactor  
  23  2:41  SCV  
  24  2:48  SCV  
  25  2:53  SCV  
  26  3:00  SCV  
  27  3:10  Bunker  
  27  3:11  Factory Tech Lab  
  27  3:17  Barracks  
  27  3:21  Marine x2  
  27  3:23  Starport, SCV  
  27  3:26  Orbital Command  
  30  3:34  Siege Tank  
  33  3:46  SCV  
  34  3:57  SCV  
  34  3:58  SCV  
  35  4:04  Starport Reactor  
  35  4:05  Barracks Reactor  
  35  4:07  Barracks Tech Lab  
  35  4:13  SCV x2  
  35  4:14  Barracks  
  37  4:17  Barracks  
  37  4:21  Engineering Bay  
  37  4:25  SCV  
  37  4:28  Supply Depot  
  37  4:29  SCV  
  39  4:36  Marine x2  
  39  4:37  Marine  
  39  4:38  SCV  
  43  4:41  Medivac  
  45  4:49  Medivac  
  45  4:52  Supply Depot  
  47  4:53  SCV  
  47  4:58  Terran Infantry Weapons Level 1  
  48  5:01  Refinery  
  48  5:05  Barracks Reactor  
  48  5:06  Barracks Reactor  
  48  5:12  SCV x2  
  50  5:14  Refinery  
  50  5:22  Marine  
  50  5:23  Marine x2  
  53  5:33  Supply Depot, SCV x2  
  55  5:47  Marine x6  
  55  5:48  Marine  
  62  5:54  Medivac x2  
  66  5:58  Supply Depot, Command Center  
  66  6:06  Stimpack  
  66  6:09  Marine x3  
  66  6:10  Marine, Liberator  
  70  6:20  Marine x3, SCV x2  
  75  6:25  Liberator, Missile Turret  
  78  6:38  Marine  
  78  6:39  SCV  
  78  6:40  SCV  
  75  6:56  Missile Turret  
  75  7:19  Marine  
  75  7:20  Marine x5  
  81  7:27  SCV  
  81  7:28  SCV  
  83  7:39  SCV  
  83  7:40  SCV  
  85  7:47  Marine x6  
  85  7:48  Marine  
  92  7:52  SCV  
  92  7:54  Supply Depot  
  92  7:57  Supply Depot  
  93  7:58  Liberator x2  
  93  8:15  Marine  
  93  8:16  SCV  
  93  8:19  Marine x5, Siege Tank  
  109  8:36  Supply Depot, Marine x4, SCV x2  
  109  8:37  Supply Depot  
  97  8:48  SCV x2  
  97  8:51  Marine x3  
  97  8:52  Siege Tank  
  105  9:01  SCV x2  
  107  9:13  Marine x3, SCV x2  
  107  9:14  Marine x4  
  107  9:16  Medivac x2  
  77  10:02  Liberator x2  
  77  10:03  Marine x5  
  77  10:04  Marine  
  80  10:17  Marine  
  80  10:18  Siege Tank  
  80  10:21  Marine x2, Orbital Command  
  89  10:31  Marine x4  
  89  10:34  Marine  
  94  10:36  Terran Infantry Armor Level 1  
  94  10:37  Armory  
  94  10:38  Engineering Bay  
  94  10:39  Marine x2  
  96  10:43  Supply Depot  
  96  10:44  Supply Depot  
  96  10:49  Marine x2  
  98  10:58  Liberator x2  
  98  11:00  Siege Tank  
  98  11:02  SCV x2  
  103  11:05  Refinery x2  
  103  11:13  Marine x5  
  103  11:14  Marine  
  115  11:22  Starport  
  115  11:24  Terran Infantry Weapons Level 2  
  115  11:26  Terran Ship Weapons Level 1  
  115  11:31  SCV x2  
  117  11:34  SCV  
  118  11:40  Supply Depot, Liberator  
  118  11:41  Liberator  
  118  11:43  SCV x2  
  120  11:55  Marine  
  120  11:56  Marine x2  
  129  12:02  Starport Reactor  
  129  12:05  Barracks  
  129  12:10  Missile Turret  
  129  12:11  SCV x2  
  129  12:12  SCV  
  114  12:31  Marine x6  
  114  12:32  Marauder  
  114  12:34  Terran Infantry Armor Level 2  
  120  12:40  Medivac x2  
  124  12:49  Marine x4  
  124  12:50  Combat Shields  
  128  12:53  Medivac x2  
  128  12:54  Marauder  
  134  13:04  Command Center  
  134  13:15  Supply Depot  
  134  13:17  Supply Depot  
  134  13:18  Supply Depot, Marine x2, Siege Tank  
  134  13:19  Marine x5  
  144  13:21  Supply Depot  
  144  13:37  SCV, Missile Turret  
  144  13:38  SCV  
  146  13:48  Marine x5  
  144  13:49  Marine x2  
  143  14:03  SCV x3  
  145  14:15  SCV  
  142  14:45  Liberator  
  142  14:46  Liberator  
  142  14:47  Barracks Tech Lab  
  142  14:56  Barracks  
  142  14:59  Marine x5  
  146  15:00  Marauder, Barracks, Marine  
  146  15:03  Siege Tank  
  146  15:05  Terran Infantry Weapons Level 3  
  146  15:06  Terran Infantry Armor Level 3, Terran Ship Weapons Level 2  
  159  15:09  Marauder  
  161  15:34  Missile Turret  
  129  15:59  Marine x3  
  129  16:00  Marine x5  
  116  16:04  Liberator x3  
  116  16:05  Liberator  
  94  16:17  Marine x4  
  94  16:18  Marine x3  
  91  16:20  Planetary Fortress  
  91  16:23  Marine  
  104  16:26  Concussive Shells  
  104  16:27  Siege Tank  
  107  16:33  SCV x3  
  107  16:35  Marine x2  
  107  16:36  Marauder  
  114  16:41  Marauder  
  114  16:44  Barracks Tech Lab  
  114  16:45  SCV, Barracks Reactor  
  117  16:54  Missile Turret  
  117  16:55  Missile Turret  
  117  16:58  Marauder  
  117  17:00  Marine x5  
  117  17:01  Marine  
  125  17:08  Marauder x2  
  129  17:18  Marine  
  129  17:19  Marauder  
  132  17:26  Marine x3  
  132  17:27  Marine x3  
  132  17:29  Refinery, Marauder x2  
  142  17:37  Medivac x2  
  107  18:42  Marine x3  
  107  18:43  Marine x4  
  107  18:44  Marauder x3  
  107  18:45  Marine  
  115  19:00  Marine x4  
  115  19:01  Marine x3  
  120  19:02  Marine  
  120  19:05  Marauder x3  
  127  19:18  Marine x3  
  127  19:21  Medivac x4  
  138  19:27  Marauder x2  
Tags
 
Add a new tag
Caveats
  • Supply blocks, unpowered buildings, or Contaminate may cause inaccurate times.
  • Supply counts are checked every 10 seconds.